 Dungeon Crawl Stone Soup version 0.19-a0-1899-g2d93087 (webtiles) character file.

114 poirepourri the Charmwright (level 4, 0/30 HPs)
             Began as a High Elf Skald on Oct 19, 2016.
             Slain by an adder (1 damage)
             ... on level 2 of the Dungeon.
             The game lasted 00:04:06 (3880 turns).

poirepourri the Charmwright (High Elf Skald)        Turns: 3880, Time: 00:04:07

Health: 0/30       AC:  3    Str: 14 (17) XL:     4   Next: 67%
Magic:  9/9        EV: 12    Int: 19 (21) God:
Gold:   118        SH:  0    Dex: 13 (14) Spells: 4 memorised, 1 level left

rFire  . . .     SeeInvis .     a - +0 short sword
rCold  . . .     Gourm    .     b - +0 leather armour
rNeg   . . .     Faith    .     (no shield)
rPois  .         Spirit   .     (no helmet)
rElec  .         Reflect  .     (no cloak)
rCorr  .         Harm     .     (no gloves)
MR     .....                    (no boots)
Stlth  +.........               g - amulet of rage
                                (no ring)
                                (no ring)

@: mighty, brilliant, lethally poisoned (0 -> -3)
A: no striking features
a: Evoke Berserk Rage


You were on level 2 of the Dungeon.
You were very hungry.

You visited 1 branch of the dungeon, and saw 2 of its levels.

You collected 118 gold pieces.

Inventory:

Hand Weapons
 a - a +0 short sword (weapon)
Armour
 b - a +0 leather armour (worn)
Jewellery
 g - an amulet of rage (around neck)
 h - an uncursed amulet of regeneration {unknown}
Scrolls
 d - 2 scrolls of remove curse
 f - a scroll of fear {unknown}
Books
 c - a book of Battle

   Spells                             Type                      Level
   a - Infusion                       Charms                       1
   b - Shroud of Golubria             Charms/Translocation         2
   c - Song of Slaying                Charms                       2
   d - Spectral Weapon                Hexes/Charms                 3
   e - Regeneration                   Charms/Necromancy            3


   Skills:
 + Level 2.4 Fighting
 + Level 4.1 Short Blades
 - Level 0.8 Armour
 + Level 2.1 Dodging
 + Level 0.2 Stealth
 + Level 3.0 Spellcasting
 + Level 0.2 Hexes
 + Level 4.2 Charms
 + Level 0.2 Translocations


You had one spell level left.
You knew the following spells:

 Your Spells              Type           Power        Failure   Level  Hunger
a - Infusion              Chrm           ####         1%          1    None
b - Shroud of Golubria    Chrm/Tloc      ###.......   1%          2    ##.....
c - Song of Slaying       Chrm           ####....     1%          2    ##.....
d - Spectral Weapon       Hex/Chrm       ###.....     3%          3    ###....


Dungeon Overview and Level Annotations

Branches:
Dungeon (2/15)

Altars:


Message History

* * * LOW HITPOINT WARNING * * *
You feel sick. The adder barely misses you. x2
It was a potion of curing.
You feel better. The adder bites you.
* * * LOW HITPOINT WARNING * * *
You are poisoned.
The adder poisons you!
It was a potion of degeneration.
There was something very wrong with that liquid.
You feel weakened.
You feel dopey.
You feel clumsy.
You feel sick. The adder bites you.
* * * LOW HITPOINT WARNING * * *
A hobgoblin comes into view.
It was a potion of brilliance.
You feel clever all of a sudden. The adder bites you.
* * * LOW HITPOINT WARNING * * *
Your leather armour prevents you from hitting the adder.
The adder is moderately wounded.
The adder bites you.
You die...

#...# ###...###
#...######.......#
#...............>##...
#...#####.............
..........##...####...
...............#........
........)........# ...
#................##.....
#...######......@S.....>
#...# #.......#######
#...# #.......# #(..#
#.......# #...#
#...[...# .# #......g#
#.##..... #. ####.#.


You could see an adder and a hobgoblin.

Vanquished Creatures
  Terence (D:2)
  3 adders (D:2)
  2 worms (D:2)
  A dart slug (D:1)
  A leopard gecko (D:1)
  8 bats
  3 giant cockroaches
  7 goblins
  7 hobgoblins
  4 jackals (D:1)
  7 kobolds
  A ball python (D:1)
  2 frilled lizards
  8 rats
55 creatures vanquished.

Notes
Turn   | Place    | Note
-------+----------+-------------------------------------------
     0 | D:1      | poirepourri the High Elf Skald began the quest for the Orb.
     0 | D:1      | Reached XP level 1. HP: 14/14 MP: 4/4
   318 | D:1      | Reached XP level 2. HP: 11/19 MP: 6/6
  1097 | D:1      | Learned a level 2 spell: Shroud of Golubria
  1100 | D:1      | Learned a level 2 spell: Song of Slaying
  1216 | D:1      | Reached XP level 3. HP: 23/24 MP: 5/8
  2452 | D:2      | Noticed Terence
  3081 | D:2      | Reached XP level 4. HP: 29/29 MP: 5/9
  3277 | D:2      | Learned a level 3 spell: Spectral Weapon
  3323 | D:2      | Killed Terence
  3879 | D:2      | HP: 1/30 [adder (2)]
  3880 | D:2      | Slain by an adder

Vault maps used:
D:1:      lightli_arrival_statue_moat
D:2:      kennysheep_big_empty_room, uniq_terence

Skill      XL: |  1  2  3  4 |
---------------+-------------+-----
Charms         | 4 |  4.2
Short Blades   | 3 4 |  4.1
Dodging        | 2 |  2.1
Spellcasting   | 3 |  3.0
Fighting       | |  2.4
Armour         | |  0.8
Stealth        | |  0.2
Hexes          | |  0.2
Translocations | |  0.2

Action                   |  1- 3 |  4- 6 || total
-------------------------+-------+-------++-------
Melee: Short sword       |   177 |    67 ||   244
 Cast: Infusion          |     8 |     1 ||     9
       Song of Slaying   |     1 |       ||     1
       Shroud of Golubri |     1 |       ||     1
  Use: Scroll            |     4 |       ||     4
       Potion            |       |     4 ||     4
  Eat: Bread ration      |     1 |       ||     1
       Pizza             |     2 |       ||     2
       Chunk             |       |     1 ||     1
Armor: Leather armour    |    80 |    11 ||    91
Dodge: Dodged            |   134 |    38 ||   172
